 Dungeon Crawl Stone Soup version 0.29-a0-2-g12fcac58f8 (webtiles) character file.

Game seed: 17723108388907776179

1617 fragbeetle the Thaumaturge (level 8, -6/60 HPs)
             Began as a Gnoll Hedge Wizard on Jan 26, 2022.
             Shot with a sling bullet by Joseph (19 damage)
             ... on level 7 of the Dungeon.
             The game lasted 00:20:43 (7506 turns).

fragbeetle the Thaumaturge (Gnoll Hedge Wizard)     Turns: 7506, Time: 00:20:43

Health: -6/60      AC:  0    Str: 10    XL:     8   Next: 96%
Magic:  20/20      EV: 23    Int: 15    God:
Gold:   316        SH:  0    Dex: 17    Spells: 12/23 levels left

rFire   . . .      SeeInvis .     - Unarmed
rCold   . . .      Faith    .   (shield currently unavailable)
rNeg    . . .      Spirit   .   (armour currently unavailable)
rPois   .          Reflect  .   (helmet currently unavailable)
rElec   .          Harm     .   (cloak currently unavailable)
rCorr   .          Rampage  .   (gloves currently unavailable)
Will    .....                   (boots currently unavailable)
Stlth   +++.......              e - amulet of magic regeneration
HPRegen 0.20/turn               (ring currently unavailable)
MPRegen 0.57/turn               (ring currently unavailable)

@: bat-form, flying, very quick
A: fast, flying, no casting, tiny, (fangs 1), strong nose, distributed training
a: no special abilities


You were on level 7 of the Dungeon.
You were a bat.
You visited 1 branch of the dungeon, and saw 7 of its levels.

You collected 316 gold pieces.

Inventory:

Hand Weapons
 a - a +2 hand axe of freezing (melded)
 b - a +0 shortbow of flaming
 F - a +2 flail
Missiles
 h - 13 poisoned darts
 D - 58 arrows
Armour
 c - a +0 hat (melded)
 g - a +0 pair of boots (melded)
 p - a +1 chain mail of cold resistance
 r - a +0 ring mail of fire resistance
 s - a +1 pair of gloves of hurling (melded)
 w - a +2 robe of positive energy
 C - a +0 robe
 E - a +2 robe of the Archmagi (melded)
Jewellery
 e - an amulet of magic regeneration (around neck)
 o - a ring of protection from cold (melded)
Wands
 y - a wand of flame (24)
Scrolls
 l - 2 scrolls of vulnerability
 m - 2 scrolls of blinking {unknown}
 q - a scroll of teleportation {unknown}
 u - 2 scrolls of fear {unknown}
 x - 2 scrolls of noise {unknown}
 z - a scroll of torment {unknown}
 G - a scroll of silence {unknown}
Potions
 d - a potion of heal wounds
 i - a potion of attraction
 j - 3 potions of curing
 k - 2 potions of berserk rage
 n - 4 potions of flight
 t - a potion of lignification
 v - a potion of degeneration {unknown}
 A - a potion of mutation {unknown}
 B - a potion of cancellation {unknown}


   Skills:
 + Level 3.7 Fighting
 + Level 3.7 Short Blades
 + Level 3.7 Long Blades
 + Level 3.7 Axes
 + Level 3.7 Maces & Flails
 + Level 3.7 Polearms
 + Level 3.7 Staves
 + Level 3.7 Slings
 + Level 3.7 Bows
 + Level 3.7 Crossbows
 + Level 3.7 Throwing
 + Level 3.7 Armour
 + Level 6.0 Dodging
 + Level 5.6 Stealth
 + Level 3.7 Shields
 + Level 3.7 Unarmed Combat
 + Level 8.1 Spellcasting
 + Level 3.8 Conjurations
 + Level 3.0 Hexes
 + Level 3.8 Summonings
 + Level 3.0 Necromancy
 + Level 3.8 Translocations
 + Level 3.0 Transmutations
 + Level 3.0 Fire Magic
 + Level 3.0 Ice Magic
 + Level 3.0 Air Magic
 + Level 3.0 Earth Magic
 + Level 3.0 Poison Magic
 + Level 4.1 Invocations
 + Level 3.7 Evocations


You had 12 spell levels left.
You knew the following spells:

 Your Spells              Type           Power      Damage    Failure   Level
a - Magic Dart            Conj           68%        1d6       2%          1
b - Call Imp              Summ           17%        N/A       3%          2
c - Mephitic Cloud        Conj/Pois/Air  16%        N/A       9%          3
d - Tukima's Dance        Hex            15%        N/A       10%         3
e - Blink                 Tloc           34%        N/A       3%          2

Your spell library contained the following spells:

 Spells                   Type           Power      Damage    Failure   Level
 Slow                     Hex            60%        N/A       3%          1
 Corpse Rot               Necr/Air       30%        N/A       4%          2
 Conjure Flame            Conj/Fire      16%        6-21      9%          3
 Anguish                  Hex/Necr       7%         N/A       32%         4
 Dispel Undead            Necr           15%        3d10      32%         4
 Summon Forest            Summ/Tloc      8%         N/A       56%         5
 Summon Mana Viper        Hex/Summ       16%        N/A       63%         5
 Summon Cactus Giant      Summ           8%         N/A       98%         6
 Death Channel            Necr           7%         N/A       99%         6
 Enfeeble                 Hex            7%         N/A       100%        7


Dungeon Overview and Level Annotations

Branches:
Dungeon (7/15)
 Temple: D:4-7

Altars:
Lugonu

Shops:
D:3 :   D:4 (

Portals:
Abyss: D:3

Annotations:
D:3 2 runed translucent doors
D:6 1 runed translucent door, Crazy Yiuf
D:7 Harold, Joseph


Innate Abilities, Weirdness & Mutations

You are a bat.
You are tiny and dextrous.
You move quickly.
You are flying.
Your equipment is almost entirely melded.
You are incapable of wielding weapons or throwing items.
You cannot cast spells.
((You have very sharp teeth.))
Your uncanny sense of smell can sniff out nearby items.
Your experience applies equally to all skills.


Message History

Your +0 pair of boots unmelds from your body.
Your +2 robe of the Archmagi unmelds from your body.
You feel that your aim is more steady.
You feel powerful. Joseph hits you with a +0 quarterstaff!
Your crimson imp barely misses Joseph.
Unknown command.
Casting: Mephitic Cloud (dangerous; 9% risk of failure)
Confirm with . or Enter, or press ? or * to list all spells.
Aiming: Mephitic Cloud (dangerous; 9% risk of failure)
Press: ? - help, Shift-Dir - straight line You feel a surge of power!
The ball explodes into a vile cloud!
The stinking cloud engulfs Joseph but does no damage.
Joseph is severely wounded.
Joseph shouts, "At last, some action!"
Joseph barely misses you.
Your crimson imp blinks!
Unknown command.
You hit Joseph. You freeze Joseph. You punch Joseph.
You bite Joseph, but do no damage.
Joseph is severely wounded.
Joseph closely misses you.
Unknown command.
You hit Joseph. You freeze Joseph.
Joseph is almost dead.
Joseph zaps a wand.
You turn into a bat.
Your +2 hand axe of freezing melds into your body.
Your +0 hat melds into your body.
Your +1 pair of gloves of hurling melds into your body.
Your +0 pair of boots melds into your body.
Your +2 robe of the Archmagi melds into your body.
Your ring of protection from cold melds into your body.
Your +2 hand axe of freezing stops glowing.
Your aim is not that steady anymore.
You feel strangely numb.
You hit Joseph but do no damage.
Joseph is almost dead.
Joseph hits you with a +0 quarterstaff!
* * * LOW HITPOINT WARNING * * *
Unknown command.
Joseph unwields a +0 quarterstaff.
Joseph wields a +0 hunting sling.
Joseph shoots a sling bullet.
The sling bullet hits you!!
You die...

#.# #.# #.# #.# ###
#.# #.. #5# #.# #.#
# #.# #.###.#
.########.# #..b..#
..........####@<####
...<..#..[..○°....#
##....######°.#.# .
#....# #..#.#
.###....### #..# #
..........####..#
................#
..........###.###


You could see Joseph.

Vanquished Creatures
  A water moccasin (D:6)
  A black bear (D:6)
  2 ogres
  Blork the orc (D:5)
  2 bullfrogs (D:6)
  5 wights (D:6)
  A bullfrog zombie (D:3)
  A bullfrog skeleton (D:6)
  A gnoll shaman (D:6)
  3 orc priests (D:4)
  2 iguanas
  An orc wizard (D:3)
  2 hound zombies (D:5)
  A howler monkey zombie (D:6)
  7 gnolls (D:6)
  4 adders
  2 ufetubi
  2 adder skeletons
  A worm (D:3)
  A dart slug (D:1)
  21 orcs
  5 bats
  5 endoplasms
  2 giant cockroaches
  5 goblins
  3 hobgoblins
  2 quokkas
  7 ball pythons
  2 frilled lizards
  7 kobolds
  3 rats
103 creatures vanquished.

Vanquished Creatures (collateral kills)
  Sigmund (D:2)
  A centaur (D:6)
  A centaur zombie (D:6)
  A gnoll shaman (D:6)
  Terence (D:3)
  A gnoll (D:6)
  An ufetubus (D:5)
  A worm (D:4)
  An orc (D:3)
  A hobgoblin (D:3)
  A rat (D:3)
11 creatures vanquished.

Vanquished Creatures (others)
  A dancing weapon (D:6)
  3 fungi (D:6)
4 creatures vanquished.

Grand Total: 118 creatures vanquished

Notes
Turn   | Place    | Note
-------+----------+-------------------------------------------
     0 | D:1      | fragbeetle the Gnoll Hedge Wizard began the quest for the
                  | Orb.
     0 | D:1      | Reached XP level 1. HP: 13/13 MP: 8/8
   233 | D:1      | Reached XP level 2. HP: 16/19 MP: 2/10
   236 | D:1      | Learned a level 2 spell: Call Imp
   466 | D:1      | Found a faded altar of an unknown god.
  1138 | D:2      | Reached XP level 3. HP: 25/25 MP: 6/11
  1210 | D:2      | Reached skill level 1 in Invocations
  1276 | D:2      | Noticed Sigmund
  1449 | D:2      | Killed Sigmund
  1450 | D:2      | Reached skill level 1 in Fighting
  1450 | D:2      | Reached skill level 1 in Short Blades
  1450 | D:2      | Reached skill level 1 in Long Blades
  1450 | D:2      | Reached skill level 1 in Axes
  1450 | D:2      | Reached skill level 1 in Maces & Flails
  1450 | D:2      | Reached skill level 1 in Polearms
  1450 | D:2      | Reached skill level 1 in Staves
  1450 | D:2      | Reached skill level 1 in Slings
  1450 | D:2      | Reached skill level 1 in Bows
  1450 | D:2      | Reached skill level 1 in Crossbows
  1450 | D:2      | Reached skill level 1 in Throwing
  1450 | D:2      | Reached skill level 1 in Armour
  1450 | D:2      | Reached skill level 1 in Shields
  1450 | D:2      | Reached skill level 1 in Unarmed Combat
  1450 | D:2      | Reached skill level 1 in Hexes
  1450 | D:2      | Reached skill level 1 in Necromancy
  1450 | D:2      | Reached skill level 1 in Transmutations
  1450 | D:2      | Reached skill level 1 in Fire Magic
  1450 | D:2      | Reached skill level 1 in Ice Magic
  1450 | D:2      | Reached skill level 1 in Air Magic
  1450 | D:2      | Reached skill level 1 in Earth Magic
  1450 | D:2      | Reached skill level 1 in Poison Magic
  1450 | D:2      | Reached skill level 1 in Evocations
  1450 | D:2      | Reached XP level 4. HP: 20/32 MP: 1/13
  1450 | D:2      | Reached XP level 5. HP: 23/37 MP: 1/14
  1926 | D:3      | Learned a level 3 spell: Mephitic Cloud
  1930 | D:3      | Learned a level 3 spell: Tukima's Dance
  1949 | D:3      | Found Loeren's Book Shop.
  2269 | D:3      | Noticed Terence
  2289 | D:3      | Killed Terence
  2290 | D:3      | Reached XP level 6. HP: 32/44 MP: 6/16
  2540 | D:3      | Found a large runed translucent door.
  2540 | D:3      | Found a corrupted altar of Lugonu.
  2540 | D:3      | Found a large runed translucent door.
  2847 | D:3      | Reached skill level 5 in Dodging
  3136 | D:3      | Found a one-way gate to the infinite horrors of the Abyss.
  3915 | D:4      | Found Xity's Weapon Emporium.
  3928 | D:4      | Reached XP level 7. HP: 49/50 MP: 14/18
  4330 | D:5      | Entered Level 5 of the Dungeon
  4417 | D:5      | Noticed Blork the orc
  4435 | D:5      | Killed Blork the orc
  4537 | D:5      | Reached skill level 5 in Stealth
  4549 | D:5      | Learned a level 2 spell: Blink
  4650 | D:5      | Noticed a two-headed ogre
  4994 | D:6      | Reached XP level 8. HP: 34/57 MP: 19/19
  6183 | D:6      | Reached skill level 8 in Spellcasting
  7315 | D:6      | Found a runed translucent door.
  7316 | D:6      | Noticed Crazy Yiuf
  7381 | D:7      | Noticed Joseph
  7431 | D:7      | Noticed Harold
  7506 | D:7      | Shot with a sling bullet by Joseph

Illustrated notes

Levels and vault maps discovered:
D:1:      dpeg_arrival_simpleton_b, layout_basic,
          hellmonk_ecumenical_altar_heavens_door
D:2:      layout_rooms, wander_ebering_terrifying_dragon_lair, uniq_sigmund
D:3:      due_chaos_kobolds, layout_basic, serial_shops,
          nicolae_shop_waterfront, st_stairs_5, minmay_misc_feat_nine_boxes,
          lemuel_old_faithful, uniq_terence
D:4:      layout_loops_ring, serial_shops, shop_statue, roderic_roman_lattice,
          eino_tiny_chamber
D:5:      layout_basic, minmay_diced_spiral, uniq_blork_the_orc
D:6:      layout_basic, minmay_checkerbox, uniq_crazy_yiuf_cottage
D:7:      layout_loops_ring, kennysheep_little_box,
          minmay_temple_entry_stoned_glass, uniq_joseph, uniq_harold

Skill      XL: |  1  2  3  4  5  6  7  8 |
---------------+-------------------------+-----
Conjurations   | 2 3 |  3.8
Summonings     | 2 3 |  3.8
Translocations | 2 3 |  3.8
Invocations    | 1 2 3 4 |  4.1
Fighting       | 1 2 3 |  3.7
Short Blades   | 1 2 3 |  3.7
Long Blades    | 1 2 3 |  3.7
Axes           | 1 2 3 |  3.7
Maces & Flails | 1 2 3 |  3.7
Polearms       | 1 2 3 |  3.7
Staves         | 1 2 3 |  3.7
Slings         | 1 2 3 |  3.7
Bows           | 1 2 3 |  3.7
Crossbows      | 1 2 3 |  3.7
Throwing       | 1 2 3 |  3.7
Armour         | 1 2 3 |  3.7
Shields        | 1 2 3 |  3.7
Unarmed Combat | 1 2 3 |  3.7
Hexes          | 1 2 3 |  3.0
Necromancy     | 1 2 3 |  3.0
Transmutations | 1 2 3 |  3.0
Fire Magic     | 1 2 3 |  3.0
Ice Magic      | 1 2 3 |  3.0
Air Magic      | 1 2 3 |  3.0
Earth Magic    | 1 2 3 |  3.0
Poison Magic   | 1 2 3 |  3.0
Evocations     | 1 2 3 |  3.7
Dodging        | 5 6 |  6.0
Stealth        | 5 |  5.6
Spellcasting   | 8 |  8.1

Action                   |  1- 3 |  4- 6 |  7- 9 || total
-------------------------+-------+-------+-------++-------
Melee: Dagger            |     5 |    11 |       ||    16
       Bite              |       |    10 |    26 ||    36
       Hand axe          |       |    68 |   168 ||   236
       Punch             |       |     2 |     9 ||    11
       Unarmed           |       |       |     1 ||     1
 Fire: Shortbow          |       |       |     6 ||     6
 Cast: Magic Dart        |    92 |    73 |    71 ||   236
       Call Imp          |     2 |     7 |    20 ||    29
       Mephitic Cloud    |       |     5 |    14 ||    19
       Tukima's Dance    |       |       |     1 ||     1
Evoke: Wand              |       |       |     4 ||     4
  Use: Scroll            |       |       |     7 ||     7
       Potion            |       |       |     1 ||     1
 Stab: Confused          |       |     3 |     3 ||     6
       Sleeping          |       |     2 |     1 ||     3
       Distracted        |       |       |     1 ||     1
Armor: Robe              |     4 |    10 |    36 ||    50
       Skin              |       |       |    16 ||    16
Dodge: Dodged            |    20 |    50 |   136 ||   206

Table legend: (Time is in decaauts)
 A = Elapsed time spent in this place.
 B = Non-inter-level travel time spent in this place.
 C = Inter-level travel time spent in this place.
 D = Time resting spent in this place.
 E = Time spent auto-exploring this place.
 F = Levels seen in this place.
 G = Mean time per level.
                   A        B        C        D        E       F      G
               +--------+--------+--------+--------+--------+-----+--------+
         Total |   7550 |   7193 |    357 |    564 |   5187 |   7 | 1078.6 |
       Dungeon |   7550 |   7193 |    357 |    564 |   5187 |   7 | 1078.6 |
               +--------+--------+--------+--------+--------+-----+--------+

Top non-repeatable levels by time:
     D:6: 2204 daAuts
     D:3: 1289 daAuts
     D:4: 1123 daAuts
     D:1: 1113 daAuts
     D:2: 952 daAuts
     D:5: 787 daAuts
     D:7: 80 daAuts
